 Dungeon Crawl Stone Soup version 0.31-a0-202-g547052bce9 (webtiles) character file.

Game seed: 15177042164798602364

449 qw the Skirmisher (level 6, -3/35 HPs)
             Began as a Deep Elf Hunter on June 26, 2023.
             Slain by an ogre
             ... wielding a +0 giant club
              (24 damage)
             ... on level 4 of the Dungeon.
             The game lasted 00:01:16 (3125 turns).

qw the Skirmisher (Deep Elf Hunter)                 Turns: 3125, Time: 00:01:17

Health: -3/35      AC:  8    Str: 15    XL:     6   Next: 74%
Magic:  0/0        EV: 12    Int: 14    God:
Gold:   287        SH:  0    Dex: 18    Spells: 5/5 levels left

rFire   . . .        Y - +0 shortbow
rCold   . . .        (shield currently unavailable)
rNeg    . . .        e - +3 ring mail
rPois   .            (no helmet)
rElec   .            (no cloak)
rCorr   +            (no gloves)
SInv    .            (no boots)
Will    .....        b - amulet of guardian spirit
Stlth   +            h - ring of Petzuyve {rCorr MP-9 Str+5}
HPRegen 0.25/turn    (no ring)
MPRegen 0.07/turn

%: guardian spirit
@: no status effects
A: no striking features
a: no special abilities


You were on level 4 of the Dungeon.
You visited 1 branch of the dungeon, and saw 4 of its levels.

You collected 287 gold pieces.


   Skills:
 - Level 2.0 Fighting
 + Level 10.2 Ranged Weapons
 - Level 3.2 Dodging
 - Level 1.2 Stealth


You had 5 spell levels left.
You didn't know any spells.
Your spell library was empty.

Inventory:

Hand Weapons
 Y - a +0 shortbow (weapon)
Armour
 e - a +3 ring mail (worn)
Jewellery
 b - an amulet of guardian spirit (around neck)
 h - the ring of Petzuyve (left hand) {rCorr MP-9 Str+5}
   (You took it off an orc on level 3 of the Dungeon)

   [ring of resist corrosion]

   Str:       It affects your strength (+5).
   MP:        It affects your magic capacity (-9).
   rCorr:     It protects you from acid and corrosion.
Scrolls
 f - 2 scrolls of identify
 g - a scroll of enchant weapon {unknown}
Potions
 a - a potion of enlightenment
 c - a potion of haste {unknown}
 d - a potion of brilliance {unknown}
 i - a potion of attraction {unknown}
 j - 2 potions of curing
 k - a potion of invisibility {unknown}

Dungeon Overview and Level Annotations

Branches:
Dungeon (4/15)
 Temple: D:4-7

Altars:
Elyvilon
Fedhas
Ru
Xom
The Shining One


Message History

Enter note:
Enter note:
Enter note:
There is a stone staircase leading down here.
Things that are here:
a +0 club; a goblin corpse
Things that are here:
a +0 club; a goblin corpse
There is an escape hatch in the ceiling here.
A kobold comes into view. It is wielding a +0 dagger.
The kobold shouts!
The kobold throws a stone.
The stone closely misses you.
You shoot an arrow. The arrow hits the kobold.
The kobold is moderately wounded.
You hear a shout!
You shoot an arrow.
The arrow hits the kobold but does no damage.
The kobold is moderately wounded.
An ogre comes into view. It is wielding a +0 giant club.
You shoot an arrow. The arrow barely misses the ogre.
You shoot an arrow.
The arrow hits the kobold but does no damage.
The kobold is moderately wounded.
The kobold throws a stone.
The stone hits you but does no damage.
A hobgoblin comes into view.
You shoot an arrow. The hobgoblin shouts!
The arrow hits the ogre.
The ogre is lightly wounded.
The kobold throws a stone.
The stone closely misses you. The ogre hits you with a +0 giant club!
You shoot an arrow. The arrow hits the ogre.
The ogre is lightly wounded.
The kobold throws a stone.
The stone closely misses you. The ogre misses you.
You shoot an arrow. The arrow closely misses the ogre.
You shoot an arrow. The arrow hits the ogre.
The ogre is lightly wounded.
The ogre hits you with a +0 giant club!!
Ouch! That really hurt!
You die...

##.......#...####...........#####
##......##.........########## #
#.......##...[.#..## ###
#..[...).......#..# #..
........#.........# #.#
###........#......# #.# #
#......#.......# ############.# #
#####........O####............) #
###.....K.@.##.#########.## ?
###.......[.....##......# .#
#...................<....# ..
#......)...g..............#
....%........####.....>....#
...............##..........##
...#.........................
.....####..#....#...........#
.#####.<#........).......#


You could see an ogre, a hobgoblin and a kobold.

Vanquished Creatures
  Grinder (D:3)
  A howler monkey (D:4)
  Jessica (D:3)
  Ijyb (D:3)
  4 gnolls (D:3)
  4 adders
  A white imp (D:2)
  A worm (D:2)
  3 dart slugs
  An orc (D:3)
  4 endoplasms
  5 giant cockroaches
  7 goblins
  9 hobgoblins
  2 quokkas
  11 ball pythons
  9 bats
  2 frilled lizards
  2 goblin zombies (D:3)
  4 hobgoblin zombies (D:3)
  10 kobolds
  A kobold zombie (D:3)
  An orc skeleton (D:3)
  An orc zombie (D:3)
  2 rats (D:1)
88 creatures vanquished.

Notes
Turn   | Place    | Note
-------+----------+-------------------------------------------
     0 | D:1      | qw the Deep Elf Hunter began the quest for the Orb.
     0 | D:1      | Reached XP level 1. HP: 12/12 MP: 3/3
     0 | D:1      | 0 ||| qw: Version: 0.3-a-22-g0ed2b0b
     0 | D:1      | 0 ||| qw: Game counter: 6058
     0 | D:1      | 0 ||| qw: Melee chars always use a shield: true
     0 | D:1      | 0 ||| qw: God list: Okawaru
     0 | D:1      | 0 ||| qw: Allow faded altars: false
     0 | D:1      | 0 ||| qw: Do Orc after clearing Dungeon:15 true
     0 | D:1      | 0 ||| qw: Do second Lair branch before Depths: true
     0 | D:1      | 0 ||| qw: Lair rune preference: random
     0 | D:1      | 0 ||| qw: Goals: Normal
     0 | D:1      | 0 ||| PLANNING D:1-11
   158 | D:1      | Reached skill level 6 in Ranged Weapons
   158 | D:1      | Reached XP level 2. HP: 16/16 MP: 4/4
   561 | D:1      | Reached XP level 3. HP: 20/20 MP: 5/5
   687 | D:1      | 687 ||| UPGRADING to +0 ring mail.
   697 | D:1      | 697 ||| DROPPING +0 leather armour.
   698 | D:1      | 698 ||| READING 4 scrolls labelled VUIBEU QOCSEU.
   699 | D:1      | 699 ||| READING 3 scrolls of enchant armour.
   699 | D:1      | 699 ||| ENCHANTING +0 ring mail.
   700 | D:1      | 700 ||| READING 2 scrolls of enchant armour.
   700 | D:1      | 700 ||| ENCHANTING +1 ring mail.
   701 | D:1      | 701 ||| READING scroll of enchant armour.
   701 | D:1      | 701 ||| ENCHANTING +2 ring mail.
   702 | D:1      | 702 ||| READING scroll labelled REFAAH AZAIWK.
   703 | D:1      | 703 ||| READING scroll labelled JIENOPA FIASME.
   704 | D:1      | 704 ||| READING scroll labelled FIR OB NYG.
   705 | D:1      | 705 ||| DRINKING 2 puce potions.
   749 | D:1      | 749 ||| DROPPING scroll of butterflies.
   750 | D:1      | 750 ||| DROPPING potion of lignification.
   884 | D:2      | Found a faded altar of an unknown god.
   974 | D:2      | Reached skill level 7 in Ranged Weapons
  1389 | D:2      | Reached XP level 4. HP: 25/25 MP: 6/6
  1447 | D:2      | 1447 ||| UPGRADING to amulet of guardian spirit.
  1452 | D:2      | 1452 ||| READING scroll labelled YWNAUR AKOE.
  1491 | D:3      | Found a glowing golden altar of the Shining One.
  1493 | D:3      | 1493 ||| FLEEEEING.
  1494 | D:3      | 1494 ||| FLEEEEING.
  1495 | D:3      | 1495 ||| FLEEEEING.
  1496 | D:3      | 1496 ||| FLEEEEING.
  1497 | D:3      | 1497 ||| STAIRDANCE
  1513 | D:3      | 1513 ||| STAIRDANCE
  1533 | D:3      | 1533 ||| STAIRDANCE
  1646 | D:3      | Found a sacrificial altar of Ru.
  1929 | D:3      | Reached skill level 8 in Ranged Weapons
  1952 | D:3      | Found a white marble altar of Elyvilon.
  2013 | D:3      | Reached XP level 5. HP: 17/29 MP: 3/7
  2022 | D:3      | 2022 ||| FLEEEEING.
  2112 | D:3      | Noticed Ijyb
  2120 | D:3      | Killed Ijyb
  2411 | D:3      | Found a shimmering altar of Xom.
  2412 | D:3      | Found a blossoming altar of Fedhas.
  2539 | D:3      | Identified the ring of Petzuyve {rCorr MP-9 Str+5}
  2542 | D:3      | Reached skill level 9 in Ranged Weapons
  2611 | D:3      | Noticed Jessica
  2615 | D:3      | Killed Jessica
  2678 | D:3      | Noticed Grinder
  2686 | D:3      | Paralysed by Grinder for 4 turns
  2705 | D:3      | HP: 5/30 [Grinder (4)]
  2708 | D:3      | Killed Grinder
  2709 | D:3      | Reached skill level 10 in Ranged Weapons
  2709 | D:3      | Reached XP level 6. HP: 5/35 MP: 1/8
  2829 | D:3      | 2829 ||| UPGRADING to ring of Petzuyve {rCorr MP-9 Str+5}.
  2830 | D:3      | 2830 ||| READING scroll labelled UBIR QULIPRI.
  2834 | D:3      | 2834 ||| DRINKING 2 bubbling orange potions.
  2835 | D:3      | 2835 ||| READING 2 scrolls of identify.
  2835 | D:3      | 2835 ||| IDENTIFYING viscous emerald potion
  3039 | D:4      | Reached skill level 3 in Dodging
  3125 | D:4      | Slain by an ogre

Levels and vault maps discovered:
D:1:      ebering_trefoil_twist, layout_basic, minmay_misc_feat_roman,
          roderic_serpentine_path, minmay_small_reverse_x
D:2:      layout_basic, chequers_ecumenical_altar_grove
D:3:      layout_basic, nicolae_tso_besieged_by_evil,
          mainiacjoe_overflow_alcove_1, nicolae_ru_awakened_eye,
          gammafunk_temple_overflow_pools, grunt_decor_junction,
          chequers_serial_rivers_room_b, uniq_ijyb, uniq_jessica, uniq_grinder
D:4:      layout_rooms

Skill      XL: |  1  2  3  4  5  6 |
---------------+-------------------+-----
Ranged Weapons | 6 7 8 10 | 10.2
Fighting       | 2 |  2.0
Dodging        | 3 |  3.2
Stealth        | |  1.2

Action                     |  1- 3 |  4- 6 || total
---------------------------+-------+-------++-------
  Melee: Unarmed           |       |     1 ||     1
   Fire: Shortbow          |    87 |   159 ||   246
    Use: Scroll            |     7 |     3 ||    10
         Potion            |     1 |     1 ||     2
 Armour: Leather armour    |     7 |       ||     7
         Ring mail         |       |    12 ||    12
  Dodge: Dodged            |     7 |    35 ||    42

Table legend:
 A = Non-vault XP
 B = Vault XP
 C = Vault XP percentage of total XP
 D = Non-vault monster count
 E = Vault monster count
 F = Vault count percentage of total count
                 A         B        C        D         E       F
            +---------+---------+-------+---------+---------+-------
      Total |     280 |     362 |  56.4 |      71 |      17 |  19.3
            +---------+---------+-------+---------+---------+-------
        D:1 |      35 |       8 |  18.6 |      23 |       4 |  14.8
        D:2 |      61 |      10 |  14.1 |      18 |       1 |   5.3
        D:3 |     116 |     344 |  74.8 |      21 |      12 |  36.4
        D:4 |      68 |       0 |   0.0 |       9 |       0 |   0.0
            +---------+---------+-------+---------+---------+-------
